 Dungeon Crawl Stone Soup version 0.26.1-2-gb8aa6d0cf2 (webtiles) character file.

Game seed: 15689652944889898821

2824 skwiii the Skirmisher (level 9, -14/84 HPs)
             Began as a Palentonga Fighter on Feb 26, 2021.
             Was an Initiate of Gozag.
             Killed by divine providence
             ... invoked by an orc priest
              (16 damage)
             ... on level 8 of the Dungeon.
             The game lasted 00:19:37 (12948 turns).

skwiii the Skirmisher (Palentonga Fighter)         Turns: 12948, Time: 00:19:38

Health: -14/84     AC: 15    Str: 23      XL:     9   Next: 45%
Magic:  9/9        EV:  6    Int:  9      God:    Gozag
Gold:   641        SH: 11    Dex:  7 (9)  Spells: 8/8 levels left

rFire    . . .     SeeInvis +   a - +0 war axe
rCold    . . .     Faith    +   c - +1 kite shield
rNeg     . . .     Spirit   .   b - +0 scale mail
rPois    .         Reflect  .   (no helmet)
rElec    .         Harm     .   (no cloak)
rCorr    .         Rampage  .   B - +0 pair of gloves
Will     .....                  (no barding)
Stlth    ..........             e - amulet of faith
HPRegen  0.24/turn              (no ring)
MPRegen  0.11/turn              (no ring)

@: lethally poisoned (-14 -> -15), curled up
A: large, rugged brown scales 3, see invisible, deformed body, roll 1, armoured
tail, reflexive curl
a: Rolling Charge, Renounce Religion, Potion Petition, Call Merchant, Bribe
Branch


You were on level 8 of the Dungeon.
You worshipped Gozag.
Gozag was pleased with you.
You visited 1 branch of the dungeon, and saw 8 of its levels.

You collected 708 gold pieces.
You paid 67 gold pieces to Gozag.

Inventory:

Hand Weapons
 a - a +0 war axe (weapon)
 v - a +0 flail of draining
Missiles
 f - 279 stones
Armour
 b - a +0 scale mail (worn)
 c - a +1 kite shield (worn)
 r - a +0 ring mail
 B - a +0 pair of gloves (worn)
 D - a cursed +0 ring mail
Jewellery
 e - an amulet of faith (around neck)
 i - an uncursed ring of wizardry
 q - an uncursed ring of flight
 u - an uncursed amulet of regeneration {unknown}
 C - an uncursed ring of willpower
Wands
 d - a wand of digging (4)
 x - a wand of acid (14)
Scrolls
 g - 2 scrolls of amnesia
 h - 5 scrolls of identify
 k - 4 scrolls of enchant armour
 m - 4 scrolls of remove curse
 s - 3 scrolls of magic mapping
 t - 3 scrolls of fog
 y - a scroll of enchant weapon
 A - a scroll of vulnerability
Potions
 j - 3 potions of lignification
 l - 2 potions of invisibility {unknown}
 n - a potion of magic
 o - a potion of flight {unknown}
 w - 2 potions of curing
 z - a potion of ambrosia


   Skills:
 + Level 7.2 Fighting
 + Level 6.8 Axes
 + Level 6.0 Armour
 + Level 6.0 Shields


You had 8 spell levels left.
You didn't know any spells.
Your spell library contained the following spells:

 Spells                   Type           Power        Failure   Level
 Magic Dart               Conj           0%           88%         1
 Blink                    Tloc           N/A          95%         2
 Call Imp                 Summ           0%           95%         2
 Slow                     Hex            0%           95%         2
 Conjure Flame            Conj/Fire      0%           99%         3
 Mephitic Cloud           Conj/Pois/Air  0%           99%         3


Dungeon Overview and Level Annotations

Branches:
Dungeon (8/15)             Temple (0/1) D:7
   Lair: D:8-11

Altars:
Dithmenos
Elyvilon
Gozag
Hepliaklqana
Nemelex Xobeh
Uskayaw
Wu Jian
Yredelemnul
The Shining One


Innate Abilities, Weirdness & Mutations

You are completely covered in rugged brown scales. (AC +3, +7% HP)
You have supernaturally acute eyesight. (SInv)
Armour fits poorly on your strangely shaped body.
You can roll at nearby foes to attack.
You have a long armoured tail.
You curl defensively after being hit.


Message History

You feel sick. The killer bee barely misses you.
The phantom hits you but does no damage.
You block the killer bee's attack.
The orc priest looks satisfied for a moment.
You block the killer bee's attack.
The killer bee buzzes angrily.
You block the phantom's attack.
The orc priest calls down the wrath of Beogh upon you.
Beogh smites you!
* * * LOW HITPOINT WARNING * * *
The killer bee barely misses you.
The killer bee stings you but does no damage.
* * * LOW HITPOINT WARNING * * *
You feel sick.
The phantom hits you but does no damage.
The killer bee closely misses you.
The orc priest calls down the wrath of Beogh upon you.
Beogh smites you!
You die...
Your body crumbles into a pile of gold.

...........W......o....
.##.........###o###...
.##...####### #o#
......# #.# ...####
###.## ..## #....# ..#
#...W# ..# #.oyy#####
.### #...@....# ...#
###......# ...#
#......# ...# #.######
...# #.# ...# #. .###
.. ...# .. .#.#


You could see a phantom, 2 killer bees, 2 orc priests and an orc wizard (fast).

Vanquished Creatures
  Grinder (D:3)
  A sky beast (D:7)
  3 orc warriors (D:6)
  A black bear (D:6)
  2 phantoms
  2 ogres
  3 centaurs
  Blork the orc (D:4)
  5 bullfrogs
  A scorpion (D:7)
  3 quasits
  A jelly (D:5)
  3 centaur skeletons
  3 orc priests
  2 hounds
  An iguana (D:7)
  4 worker ants
  10 orc wizards
  A hound zombie (D:6)
  A hound skeleton (D:5)
  12 gnolls
  A worker ant zombie (D:7)
  7 adders
  2 white imps (D:5)
  An ufetubus (D:5)
  An ooze (D:6)
  An adder skeleton (D:7)
  2 worms (D:4)
  2 dart slugs (D:1)
  6 leopard geckos
  35 orcs
  2 ball pythons
  7 bats
  9 giant cockroaches
  7 goblins
  5 hobgoblins
  6 jackals (D:1)
  9 kobolds
  4 quokkas
  5 frilled lizards
  A jackal zombie (D:7)
  A leopard gecko skeleton (D:5)
  A quokka skeleton (D:4)
  5 rats
181 creatures vanquished.

Notes
Turn   | Place    | Note
-------+----------+-------------------------------------------
     0 | D:1      | skwiii the Palentonga Fighter began the quest for the Orb.
     0 | D:1      | Reached XP level 1. HP: 20/20 MP: 1/1
    65 | D:1      | Reached XP level 2. HP: 23/27 MP: 2/2
   476 | D:1      | Reached XP level 3. HP: 33/33 MP: 3/3
  1347 | D:2      | Found an ornate altar of the Wu Jian Council.
  1347 | D:2      | Found a shadowy altar of Dithmenos.
  1355 | D:2      | Found a hide-covered altar of Uskayaw.
  1357 | D:2      | Found a basalt altar of Yredelemnul.
  1362 | D:2      | Found a white marble altar of Elyvilon.
  1734 | D:3      | Reached XP level 4. HP: 30/40 MP: 4/4
  2333 | D:3      | Reached XP level 5. HP: 46/49 MP: 5/5
  2712 | D:3      | Noticed Grinder
  2714 | D:3      | Paralysed by Grinder for 7 turns
  2737 | D:3      | Killed Grinder
  2738 | D:3      | Reached skill level 4 in Fighting
  2738 | D:3      | Reached XP level 6. HP: 34/56 MP: 6/6
  3137 | D:4      | Noticed Blork the orc
  3163 | D:4      | Killed Blork the orc
  3596 | D:4      | Gained mutation: You curl defensively after being hit.
                  | [Palentonga growth]
  3596 | D:4      | Reached XP level 7. HP: 35/64 MP: 7/7
  4883 | D:5      | Entered Level 5 of the Dungeon
  5142 | D:5      | Reached skill level 5 in Fighting
  5999 | D:5      | Found a sparkling altar of Nemelex Xobeh.
  6014 | D:5      | Found a hazy altar of Hepliaklqana.
  6771 | D:6      | Reached XP level 8. HP: 73/73 MP: 8/8
  6773 | D:6      | Reached skill level 5 in Axes
  8292 | D:6      | Found an opulent altar of Gozag.
  8314 | D:6      | Became a worshipper of Gozag Ym Sagoz the Greedy
  8569 | D:6      | Reached skill level 5 in Armour
  8581 | D:6      | Reached skill level 6 in Fighting
  8581 | D:6      | Reached skill level 5 in Shields
  9970 | D:7      | Reached XP level 9. HP: 49/83 MP: 9/9
 10248 | D:7      | Identified the +5 falchion of Evolution {vorpal, Will+
                  | Dex+2}
 10817 | D:7      | Reached skill level 7 in Fighting
 10822 | D:7      | Found a staircase to the Ecumenical Temple.
 11286 | D:8      | HP: 2/84 [killer bee (5)]
 12024 | D:8      | Found a glowing golden altar of the Shining One.
 12946 | D:8      | HP: 3/84 [orc priest/divine providence (12)]
 12948 | D:8      | Killed from afar by an orc priest

Illustrated notes

Levels and vault maps discovered:
D:1:      lightli_arrival_quake, layout_basic, minmay_strange_pillars,
          amcnicky_mini_corridor_feature
D:2:      layout_basic, chequers_temple_overflow_minitemple, grunt_ministairs_14
D:3:      layout_loops_cross, uniq_grinder
D:4:      layout_basic, gup_sewer_entry_bubbles, uniq_blork_the_orc
D:5:      layout_basic, kennysheep_mini, lemuel_statue_altar
D:6:      layout_basic, chequers_serial_rivers_micro_a,
          nicolae_gozag_seed_capital
D:7:      cheibrodos_quashed, layout_rooms, minmay_temple_entry_grid,
          lightli_ossuary_entry_decrepit_ruins
D:8:      kennysheep_orc_sif_temple, layout_basic, tso_metal_star,
          chequers_guarded_unrand_ignorance

Skill      XL: |  1  2  3  4  5  6  7  8  9 |
---------------+----------------------------+-----
Armour         | 3 4 5 6 |  6.0
Shields        | 3 4 5 6 |  6.0
Axes           | 3 4 6 |  6.8
Fighting       | 4 5 6 7 |  7.2

Action                   |  1- 3 |  4- 6 |  7- 9 || total
-------------------------+-------+-------+-------++-------
Melee: War axe           |   133 |    88 |   461 ||   682
       Tailslap          |    13 |    14 |    54 ||    81
 Abil: Rolling Charge    |       |     2 |     9 ||    11
Evoke: Wand              |       |       |     1 ||     1
  Use: Scroll            |     7 |       |    14 ||    21
       Potion            |       |     4 |     4 ||     8
 Stab: Distracted        |       |       |     3 ||     3
Armor: Scale mail        |    95 |    37 |   231 ||   363
Dodge: Dodged            |    37 |    21 |   131 ||   189
Block: Kite shield       |   100 |    50 |   331 ||   481
